 Dungeon Crawl Stone Soup version 0.28.0-43-g3370ac3207 (webtiles) character file.

Game seed: 11567697165656790940

2613 nickcage the Basher (level 9, 0/51 HPs)
             Began as a Gargoyle Fighter on Mar 24, 2022.
             Was a Follower of the Shining One.
             Slain by a thrashing horror (2 damage)
             ... on level 3 of the Abyss.
             The game lasted 00:21:27 (7216 turns).

nickcage the Basher (Gargoyle Fighter)              Turns: 7216, Time: 00:21:28

Health: 0/51       AC: 13    Str: 21    XL:     9   Next: 60%
Magic:  0/9        EV: 13    Int: 16    God:    the Shining One [*.....]
Gold:   250        SH:  4    Dex: 11    Spells: 8/8 levels left

rFire   . . .      SeeInvis .   q - +1 flail (vorpal)
rCold   . . .      Faith    .   c - +0 buckler
rNeg    + . .      Spirit   +   b - +0 scale mail
rPois   ∞          Reflect  .   (no helmet)
rElec   +          Harm     .   (no cloak)
rCorr   .          Rampage  .   (no gloves)
Will    .....                   (no boots)
Stlth   ..........              A - amulet of guardian spirit
HPRegen 0.17/turn               n - +4 ring of evasion
MPRegen 0.11/turn               p - +6 ring of intelligence

@: glowing
A: sickness immunity, AC +6, negative energy resistance 1, electricity
resistance, torment resistance 1, petrification resistance
a: Renounce Religion, Divine Shield


You were on level 3 of the Abyss.
You worshipped the Shining One.
The Shining One was aware of your devotion.
You visited 2 branches of the dungeon, and saw 9 of its levels.
You visited the Abyss 1 time.

You collected 250 gold pieces.

Inventory:

Hand Weapons
 a - a +0 flail
 q - a +1 vorpal flail (weapon)
Missiles
 i - 7 boomerangs
 j - a curare-tipped dart (quivered)
 k - 8 poisoned darts
Armour
 b - a +0 scale mail (worn)
 c - a +0 buckler (worn)
Jewellery
 n - a +4 ring of evasion (left hand)
 p - a +6 ring of intelligence (right hand)
 A - an amulet of guardian spirit (around neck)
Wands
 l - a wand of paralysis (11)
 t - a wand of mindburst (4)
Scrolls
 h - 2 scrolls of immolation
 r - 3 scrolls of identify
 s - 2 scrolls of teleportation
 v - a scroll of blinking {unknown}
 x - a scroll of brand weapon {unknown}
 y - a scroll of enchant weapon {unknown}
 z - a scroll of amnesia {unknown}
Potions
 d - 3 potions of might
 e - 2 potions of brilliance
 f - 2 potions of degeneration
 g - 2 potions of heal wounds
 m - 2 potions of flight {unknown}
 o - a potion of haste {unknown}
 u - a potion of cancellation {unknown}
 w - a potion of mutation {unknown}


   Skills:
 - Level 3.2 Fighting
 + Level 12.8 Maces & Flails
 - Level 0.1 Throwing
 - Level 3.2 Armour
 - Level 3.2 Shields


You had 8 spell levels left.
You didn't know any spells.
Your spell library contained the following spells:

 Spells                   Type           Power      Damage    Failure   Level
 Tukima's Dance           Hex            0%         N/A       95%         3
 Anguish                  Hex/Necr       0%         N/A       100%        4
 Blade Hands              Tmut           0%         N/A       100%        5
 Irradiate                Conj/Tmut      0%         3d13      100%        5
 Dragon Form              Tmut           0%         N/A       100%        7
 Enfeeble                 Hex            0%         N/A       100%        7


Dungeon Overview and Level Annotations

Branches:
Dungeon (7/15)             Temple (1/1) D:4

Altars:
Ashenzari
Cheibriados
Dithmenos
Elyvilon
Fedhas
Gozag
Hepliaklqana
Kikubaaqudgha
Makhleb
Nemelex Xobeh
Okawaru
Qazlal
Ru
Trog
Vehumet
Wu Jian
Xom
Yredelemnul
Zin
The Shining One

Annotations:
D:5 exclusion: statue
D:10 Erolcha


Innate Abilities, Weirdness & Mutations

You are immune to sickness and miasma.
Your stone body is resilient. (AC +6)
You are immune to poison.
You resist negative energy. (rN+)
You are resistant to electric shocks. (rElec)
You are resistant to unholy torment.
You are immune to petrification.


Message History

The thrashing horror roars!
A thrashing horror comes into view.
A thrashing horror comes into view.
The thrashing horror roars!
The thrashing horror barely misses you. x2
The thrashing horror roars!
The thrashing horror tramples you.
You hold your ground!
The thrashing horror tramples you.
You hold your ground!
The thrashing horror tramples you.
You hold your ground!
The thrashing horror tramples you but does no damage.
The thrashing horror tramples you.
You hold your ground!
The thrashing horror tramples you but does no damage.
The thrashing horror tramples you.
You hold your ground!
The thrashing horror completely misses you.
The thrashing horror roars!
You hear a shout!
The thrashing horror closely misses you.
The thrashing horror tramples you but does no damage.
The thrashing horror tramples you!
* * * LOW HITPOINT WARNING * * *
You stumble backwards!
A neqoxec comes into view.
The thrashing horror tramples you.
* * * LOW HITPOINT WARNING * * *
You stumble backwards!
Splash!
You fall into the shallow water.
Moving in this stuff is going to be slow.
The thrashing horror misses you.
The thrashing horror tramples you but does no damage.
The thrashing horror barely misses you. The thrashing horror tramples you.
* * * LOW HITPOINT WARNING * * *
You stumble backwards!
Splash!
The thrashing horror tramples you!
* * * LOW HITPOINT WARNING * * *
You hold your ground!
The thrashing horror tramples you but does no damage.
Why would you want to do that? The thrashing horror barely misses you.
The thrashing horror tramples you.
You die...

#.≈≈# ..≈≈#
#.≈≈# #
###≈≈≈# #.#
.#≈≈≈##.##
.. .≈≈≈....
#.##≈≈##.#
#..@≈X...#
###X≈X####
##.≈≈...##
..≈≈.##.##
#.##......#
###.#...###
# #...#x.#
..
###.....###
..#
#.....##.X#
.. ##


You could see an ancient zyme and 3 thrashing horrors.

Vanquished Creatures
  Grinder (D:5)
  Edmund (D:5)
  A water moccasin (D:4)
  A sky beast (D:5)
  An ice beast (D:6)
  A black bear (D:6)
  A small abomination (Abyss:2)
  2 necrophages (D:4)
  4 ogres
  A phantom (D:5)
  10 scorpions
  A water moccasin skeleton (D:6)
  A centaur zombie (D:6)
  4 hounds
  Ijyb (D:3)
  2 iguanas
  6 orc wizards
  A killer bee zombie (D:7)
  A hound skeleton (D:4)
  A hound zombie (D:5)
  8 gnolls
  8 adders
  2 ufetubi
  2 adder skeletons
  A worm (D:5)
  7 dart slugs
  18 orcs
  5 endoplasms
  5 giant cockroaches
  6 goblins
  6 hobgoblins
  7 jackals
  17 kobolds
  A quokka (D:4)
  4 ball pythons
  6 bats
  2 frilled lizards (D:2)
  2 rats
149 creatures vanquished.

Vanquished Creatures (others)
  7 fungi (D:4)
7 creatures vanquished.

Grand Total: 156 creatures vanquished

Notes
Turn   | Place    | Note
-------+----------+-------------------------------------------
     0 | D:1      | nickcage the Gargoyle Fighter began the quest for the Orb.
     0 | D:1      | Reached XP level 1. HP: 14/14 MP: 1/1
   322 | D:1      | Reached XP level 2. HP: 19/19 MP: 2/2
   386 | D:1      | Reached skill level 3 in Maces & Flails
   534 | D:1      | Reached XP level 3. HP: 23/23 MP: 3/3
   694 | D:2      | Reached skill level 4 in Maces & Flails
   699 | D:2      | Reached XP level 4. HP: 21/28 MP: 4/4
  1396 | D:2      | Found a faded altar of an unknown god.
  1712 | D:3      | Noticed Ijyb
  1719 | D:3      | Paralysed by Ijyb for 5 turns
  1726 | D:3      | Paralysed by Ijyb for 2 turns
  1733 | D:3      | Paralysed by Ijyb for 5 turns
  1745 | D:3      | Killed Ijyb
  1790 | D:3      | Found a bloodstained altar of Trog.
  1929 | D:3      | Reached skill level 5 in Maces & Flails
  1929 | D:3      | Reached XP level 5. HP: 32/32 MP: 5/5
  3122 | D:4      | Noticed an ogre
  3127 | D:4      | Killed an ogre
  3128 | D:4      | Reached skill level 6 in Maces & Flails
  3128 | D:4      | Reached XP level 6. HP: 37/37 MP: 6/6
  3168 | D:4      | Found a staircase to the Ecumenical Temple.
  3214 | D:4      | Reached skill level 7 in Maces & Flails
  3342 | Temple   | Entered the Ecumenical Temple
  3358 | Temple   | Became a worshipper of the Shining One
  3398 | D:4      | Noticed a necrophage
  3435 | D:4      | Reached XP level 7. HP: 41/41 MP: 7/7
  3529 | D:4      | Reached skill level 8 in Maces & Flails
  4000 | D:4      | Reached skill level 9 in Maces & Flails
  4000 | D:4      | Reached XP level 8. HP: 40/46 MP: 8/8
  4642 | D:4      | Reached skill level 10 in Maces & Flails
  5061 | D:5      | Entered Level 5 of the Dungeon
  5094 | D:5      | Noticed Edmund
  5109 | D:5      | Killed Edmund
  5530 | D:5      | Reached skill level 11 in Maces & Flails
  5705 | D:5      | Found a radiant altar of Vehumet.
  5804 | D:5      | Reached XP level 9. HP: 51/51 MP: 9/9
  5944 | D:5      | Noticed Grinder
  5952 | D:5      | Paralysed by Grinder for 4 turns
  5965 | D:5      | Killed Grinder
  6118 | D:6      | Reached * piety under the Shining One
  6228 | D:6      | Reached skill level 12 in Maces & Flails
  6951 | D:7      | You fall into a shaft and drop 3 floors!
  6951 | D:10     | Entered Level 10 of the Dungeon
  6985 | D:10     | Noticed Erolcha
  6990 | D:10     | Cast into level 2 of the Abyss (Erolcha)
  7054 | Abyss:2  | Noticed a hellwing
  7108 | Abyss:2  | Noticed a smoke demon
  7125 | Abyss:2  | Found a burning altar of Makhleb.
  7144 | Abyss:2  | Noticed a smoke demon
  7163 | Abyss:3  | Found a corrupted altar of Lugonu.
  7203 | Abyss:3  | Noticed an ancient zyme
  7206 | Abyss:3  | Noticed a thrashing horror
  7207 | Abyss:3  | Noticed a thrashing horror
  7208 | Abyss:3  | Noticed a thrashing horror
  7215 | Abyss:3  | HP: 2/51 [thrashing horror (6)]
  7216 | Abyss:3  | Slain by a thrashing horror

Illustrated notes

Levels and vault maps discovered:
D:1:      dpeg_arrival_erosion, layout_basic, minmay_misc_feat_ornament
D:2:      layout_rooms, shapermc_ecumenical_altar_flowoftime
D:3:      layout_loops_ring, lemuel_crystal_altar, hex_tiny, uniq_ijyb
D:4:      old_forge, layout_layer_cave, minmay_temple_entry_sparse_star,
          minmay_fractal_squares_5
D:5:      layout_basic, vehumet_statue, uniq_grinder, uniq_edmund
D:6:      layout_rooms, grunt_ministairs_2, minmay_parallelograms,
          nrook_pool_corridor, minmay_a_box_with_orc_wizards_in_it
D:7:      layout_cave_pools
D:10:     layout_basic, mainiacjoe_overflow_six_doors_small, lair_entry_dummy,
          nicolae_concentric_dashed_squares_wild, amethyst_killhole,
          uniq_erolcha, uniq_urug, uniq_snorg
Temple:   mainiacjoe_temple_coin_purse
Abyss:3:  base:
D:4

Skill      XL: |  1  2  3  4  5  6  7  8  9 |
---------------+----------------------------+-----
Maces & Flails | 3 4 5 6 7 9 11 12 | 12.8
Fighting       | |  3.2
Throwing       | |  0.1
Armour         | |  3.2
Shields        | |  3.2

Action                   |  1- 3 |  4- 6 |  7- 9 || total
-------------------------+-------+-------+-------++-------
Melee: Flail             |    72 |   144 |   333 ||   549
Throw: Boomerang         |     3 |    24 |    32 ||    59
       Dart              |       |     1 |     7 ||     8
  Use: Scroll            |     1 |     5 |     3 ||     9
       Potion            |       |     1 |       ||     1
Armor: Scale mail        |    46 |    81 |   123 ||   250
Dodge: Dodged            |    37 |    87 |   196 ||   320
Block: Buckler           |    19 |    37 |    52 ||   108
